 Dungeon Crawl Stone Soup version 0.27-a0-1140-g099f9bb0e8 (webtiles) character file.

Game seed: 3371174057987214855

164 Zeld the Skirmisher (level 5, 0/37 HPs)
             Began as an Octopode Fighter on May 9, 2021.
             Slain by a shadow imp (6 damage)
             ... summoned by Natasha
             ... on level 2 of the Dungeon.
             The game lasted 00:03:16 (2277 turns).

Zeld the Skirmisher (Octopode Fighter)              Turns: 2277, Time: 00:03:17

Health: 0/37       AC:  1    Str: 16    XL:     5   Next: 45%
Magic:  5/5        EV: 11    Int: 11    God:
Gold:   15         SH:  9    Dex: 11    Spells: 4/4 levels left

rFire    . . .     SeeInvis .   a - +0 war axe
rCold    . . .     Faith    .   b - +0 kite shield
rNeg     . . .     Spirit   .   (helmet restricted)
rPois    .         Reflect  .   (no amulet)
rElec    .         Harm     .   (no ring)
rCorr    .         Rampage  .   (no ring)
Will     .....                  (no ring)
Stlth    ++........             (no ring)
HPRegen  0.12/turn              (no ring)
MPRegen  0.09/turn              (no ring)
                                (no ring)
                                (no ring)

@: no status effects
A: almost no armour, amphibious, 8 rings, camouflage 1, gelatinous body 1,
(nimble swimmer 1), tentacles
a: no special abilities


You were on level 2 of the Dungeon.
You visited 1 branch of the dungeon, and saw 3 of its levels.

You collected 95 gold pieces.
You spent 80 gold pieces at shops.

Inventory:

Hand Weapons
 a - a +0 war axe (weapon)
Armour
 b - a +0 kite shield (worn)
Scrolls
 h - a scroll of magic mapping
 i - 3 scrolls of identify
Potions
 e - a potion of curing {unknown}
 k - a potion of brilliance {unknown}


   Skills:
 * Level 4.2 Fighting
 * Level 3.4 Axes
 - Level 3.0 Dodging
 * Level 4.2 Shields


You had 4 spell levels left.
You didn't know any spells.
Your spell library contained the following spells:

 Spells                   Type           Power      Damage    Failure   Level
 Animate Skeleton         Necr           0%         N/A       82%         1
 Corona                   Hex            0%         N/A       82%         1
 Pain                     Necr           0%         1d4       82%         1
 Summon Small Mammal      Summ           0%         N/A       82%         1
 Call Imp                 Summ           0%         N/A       91%         2
 Ensorcelled Hibernation  Hex/Ice        0%         N/A       91%         2
 Call Canine Familiar     Summ           0%         N/A       99%         3
 Confusing Touch          Hex            0%         N/A       99%         3
 Dazzling Flash           Conj/Hex       0%         N/A       99%         3
 Summon Guardian Golem    Hex/Summ       0%         N/A       99%         3
 Tukima's Dance           Hex            0%         N/A       99%         3
 Vampiric Draining        Necr           0%         2d6       99%         3
 Animate Dead             Necr           0%         N/A       100%        4
 Summon Ice Beast         Ice/Summ       0%         N/A       100%        4
 Summon Lightning Spire   Summ/Air       0%         N/A       100%        4
 Agony                    Necr           0%         N/A       100%        5


Dungeon Overview and Level Annotations

Branches:
Dungeon (3/15)

Altars:

Shops:
D:2 ?

Annotations:
D:2 Natasha
D:3 1 transporter


Innate Abilities, Weirdness & Mutations

You cannot wear most types of armour.
You are amphibious.
You can wear up to eight rings at the same time.
Your skin changes colour to match your surroundings (Stealth+).
Your rubbery body absorbs attacks. (AC +1, EV +1)
((You are camouflaged near water. (Stealth+)))
You have tentacles for arms and can constrict up to eight enemies at once.


Message History

You grab Natasha. Your squeeze misses Natasha.
Natasha is moderately wounded.
You constrict Natasha. Natasha claws you.
You hit Natasha but do no damage.
Natasha is heavily wounded.
You constrict Natasha. Natasha barely misses you. Natasha claws you.
You slash Natasha!
You kill Natasha!
Natasha screams in pain as she dies!
No target in view!
Natasha, Servant of Life and Death comes into view.
Natasha is nearby!
Natasha is nearby!
Natasha hisses angrily.
You see here the felid corpse of Natasha.
You closely miss Natasha. Your grab misses Natasha. You squeeze Natasha.
Natasha is moderately wounded.
Natasha claws you. Natasha closely misses you.
You closely miss Natasha. Your grab misses Natasha.
Natasha is moderately wounded.
Natasha mumbles some strange words.
You barely miss Natasha. You grab Natasha.
Natasha is lightly wounded.
You constrict Natasha.
Natasha hisses.
Natasha stares at you and mumbles some strange words.
The magic dart hits you. Natasha claws you.
You are too injured to fight recklessly!
You are too injured to fight recklessly!
You hit Natasha. You squeeze Natasha.
Natasha is severely wounded.
Your shield prevents you from hitting the shadow imp.
You constrict Natasha.
The shadow imp summons a swarm of flies.
The shadow imp hits you.
Natasha stares at you and mumbles some strange words.
The magic dart hits you!
* * * LOW HITPOINT WARNING * * *
The shadow imp hits you.
You die...

.....§.)§# ##.....#............
##....##.5####..........†..######
....#####g.5....)...........#
...## #####.............†.# ...#
#...............# ...#
#...............# ...#####
#...............# .......#
#....h..........# .......#
##..@5.........##
.......########.....#.....##
..............†.>...........
....(...............########
###....############.... #....#
#### #.<..# ######


You could see Natasha and a shadow imp (summoned).

Vanquished Creatures
  A necrophage (D:3)
  Natasha (D:2)
  A dart slug (D:1)
  5 bats
  2 endoplasms
  2 giant cockroaches (D:1)
  2 goblins
  4 hobgoblins
  7 jackals
  4 quokkas
  4 ball pythons
  A frilled lizard (D:2)
  5 kobolds
  6 rats
45 creatures vanquished.

Notes
Turn   | Place    | Note
-------+----------+-------------------------------------------
     0 | D:1      | Zeld the Octopode Fighter began the quest for the Orb.
     0 | D:1      | Reached XP level 1. HP: 16/16 MP: 1/1
   185 | D:1      | Reached XP level 2. HP: 20/21 MP: 2/2
   371 | D:1      | Found a faded altar of an unknown god.
   730 | D:1      | Reached XP level 3. HP: 24/26 MP: 3/3
  1545 | D:2      | Found Ilorphaw's Magic Scroll Shop.
  1551 | D:2      | Bought 3 scrolls of identify for 60 gold pieces
  1551 | D:2      | Bought a scroll of identify for 20 gold pieces
  1640 | D:2      | Noticed Natasha
  1697 | D:3      | Found a transporter.
  1770 | D:3      | Noticed a necrophage
  1774 | D:3      | Killed a necrophage
  1775 | D:3      | Reached XP level 4. HP: 12/33 MP: 4/4
  1775 | D:3      | Reached XP level 5. HP: 13/37 MP: 5/5
  2236 | D:2      | Killed Natasha
  2270 | D:2      | Noticed Natasha
  2277 | D:2      | Slain by a shadow imp

Illustrated notes

Levels and vault maps discovered:
D:1:      heliophobic_arrival_battle_scene, layout_basic,
          shapermc_ecumenical_altar_flowoftime
D:2:      layout_rooms, serial_shops, shop_statue, uniq_natasha
D:3:      layout_basic, gammafunk_ghost_mausoleum

Skill      XL: |  1  2  3 |
---------------+----------+-----
Fighting       | 4 |  4.2
Axes           | 3 |  3.4
Shields        | 4 |  4.2
Dodging        | |  3.0

Action                   |  1- 3 |  4- 6 || total
-------------------------+-------+-------++-------
Melee: War axe           |    77 |    10 ||    87
       Constrict         |    19 |     4 ||    23
       Tentacles         |     9 |     2 ||    11
  Use: Scroll            |     7 |       ||     7
       Potion            |     1 |       ||     1
 Stab: Sleeping          |     4 |       ||     4
Armor: Skin              |    11 |       ||    11
Dodge: Dodged            |    53 |     3 ||    56
Block: Kite shield       |    50 |     2 ||    52

Table legend: (Time is in decaauts)
 A = Elapsed time spent in this place.
 B = Non-inter-level travel time spent in this place.
 C = Inter-level travel time spent in this place.
 D = Time resting spent in this place.
 E = Time spent auto-exploring this place.
 F = Levels seen in this place.
 G = Mean time per level.
                   A        B        C        D        E       F      G
               +--------+--------+--------+--------+--------+-----+--------+
         Total |   2340 |   2334 |      6 |    439 |   1527 |   3 |  780.0 |
       Dungeon |   2340 |   2334 |      6 |    439 |   1527 |   3 |  780.0 |
               +--------+--------+--------+--------+--------+-----+--------+

Top non-repeatable levels by time:
     D:1: 1122 daAuts
     D:2: 745 daAuts
     D:3: 472 daAuts
